 Dungeon Crawl Stone Soup version 0.22-a0-284-g99d1f74 (webtiles) character file.

11 varam the Sneak (level 2, -1/13 HPs)
             Began as a Spriggan Enchanter on Mar 21, 2018.
             Slain by a kobold
             ... wielding a +6 dagger of venom
              (5 damage)
             ... on level 1 of the Dungeon.
             The game lasted 00:01:34 (229 turns).

varam the Sneak (Spriggan Enchanter)                 Turns: 229, Time: 00:01:34

Health: -1/13      AC:  2    Str:  4    XL:     2   Next: 17%
Magic:  2/6        EV: 18    Int: 16    God:
Gold:   3          SH:  0    Dex: 16    Spells: 5/6 levels left

rFire    . . .     SeeInvis +   a - +1 dagger
rCold    . . .     Gourm    .   (shield restricted)
rNeg     . . .     Faith    .   b - +0 robe
rPois    .         Spirit   .   (helmet restricted)
rElec    .         Reflect  .   (no cloak)
rCorr    .         Harm     .   (gloves unavailable)
MR       .....                  (boots unavailable)
Stlth    +++.......             (no amulet)
HPRegen  0.04/turn              (no ring)
MPRegen  0.10/turn              (no ring)

@: lethally poisoned (-1 -> -15), very quick
A: very small, unfitting armour, see invisible, herbivore, speed 3, slow
metabolism 2
a: no special abilities


You were on level 1 of the Dungeon.
You were not hungry.

You visited 1 branch of the dungeon, and saw 2 of its levels.

You collected 3 gold pieces.

Inventory:

Hand Weapons
 a - a +1 dagger (weapon)
Armour
 b - a +0 robe (worn)
Comestibles
 d - a ration


   Skills:
 + Level 1.9 Short Blades
 - Level 3.0 Dodging
 + Level 5.0 Stealth
 - Level 2.6 Spellcasting
 - Level 3.6 Hexes


You had 5 spell levels left.
You knew the following spells:

 Your Spells              Type           Power        Failure   Level  Hunger
a - Corona                Hex            ##.....      4%          1    #......


Dungeon Overview and Level Annotations

Branches:
Dungeon (2/15)

Altars:
Dithmenos


Innate Abilities, Weirdness & Mutations

You are very small and have problems with some larger weapons.
You are too small for most types of armour.
You have supernaturally acute eyesight. (SInv)
You are a herbivore.
You cover ground extremely quickly.
You need to consume almost no food.


Message History

There is a stone staircase leading down here.
Casting: Corona (safe; 4% risk of failure)
Confirm with . or Enter, or press ? or * to list all spells.
Aiming: Corona (safe; 4% risk of failure)
Press: ? - help, Shift-Dir - straight line, f - kobold
Aim: a kobold, wielding a dagger of venom (chance to defeat MR: 67%)
The kobold barely resists.
The kobold hits you with a dagger of venom.
You are lethally poisoned!
Casting: Corona (safe; 4% risk of failure)
Confirm with . or Enter, or press ? or * to list all spells.
Aiming: Corona (safe; 4% risk of failure)
Press: ? - help, Shift-Dir - straight line, f/p - kobold
Aim: a kobold, wielding a dagger of venom (chance to defeat MR: 67%)
The kobold barely resists.
The goblin shouts!
You feel sick.
You hear a shout! x2
The kobold hits you with a dagger of venom.
You die...

#..g############g###########
#... #...( .... #..r...
####. #....gg... #
#.........# #.........#
#########........#
...#..K....#........#
#.'.>.@.>.'......$.#
###.......#........####
######### #.....
###...g...### #[####
#.'...<...'.######.####
#†#.......#.##.........
#.#########.gK.....$...
######.##)..................
#.........#######...........


You could see a hobgoblin, a goblin and 2 kobolds.

Vanquished Creatures
  2 leopard geckos (D:1)
  2 giant cockroaches (D:1)
  A goblin (D:1)
  A kobold (D:1)
  A frilled lizard (D:1)
  2 rats (D:1)
9 creatures vanquished.

Notes
Turn   | Place    | Note
-------+----------+-------------------------------------------
     0 | D:1      | varam the Spriggan Enchanter began the quest for the Orb.
     0 | D:1      | Reached XP level 1. HP: 9/9 MP: 5/5
   127 | D:1      | Reached XP level 2. HP: 12/13 MP: 2/6
   177 | D:1      | Reached skill level 5 in Stealth
   224 | D:1      | You fall through a shaft!
   224 | D:2      | Found a shadowy altar of Dithmenos.
   229 | D:1      | Slain by a kobold

Vault maps used:
D:1:      minmay_arrival_up_and_down
D:2:      lemuel_round_altar, nicolae_overflow_hidden_temple, uniq_natasha

Skill      XL: |  1  2 |
---------------+-------+-----
Stealth        | 5 |  5.0
Short Blades   | |  1.9
Dodging        | |  3.0
Spellcasting   | |  2.6
Hexes          | |  3.6

Action                   || total
-------------------------++-------
Melee: Dagger            ||    42
 Cast: Corona            ||    14
 Stab: Sleeping          ||     2
Armor: Robe              ||     4
Dodge: Dodged            ||    43

Table legend:
 A = Spawn XP
 B = Non-spawn XP
 C = Spawn XP percentage of total XP
 D = Spawn monster count
 E = Non-spawn monster count
 F = Spawn count percentage of total count
 G = Total turns spent on level
                    A         B        C        D         E        F      G
               +---------+---------+-------+---------+---------+-------+---------
         Total |       0 |      17 |   0.0 |       0 |       9 |   0.0 |   229
               +---------+---------+-------+---------+---------+-------+---------
           D:1 |       0 |      17 |   0.0 |       0 |       9 |   0.0 |   226
               +---------+---------+-------+---------+---------+-------+---------
